 Dungeon Crawl Stone Soup version 0.20-a0-924-gfa95efa (webtiles) character file.

78364 FrozenPanda the Protected (level 16, -18/168 HPs)
             Began as a Halfling Fighter on Mar 27, 2017.
             Was an Initiate of Gozag.
             Killed from afar by Saint Roka the iron giant (48 damage)
             ... with an iron shot
             ... on level 2 of the Orcish Mines.
             The game lasted 00:56:33 (23382 turns).

FrozenPanda the Protected (Halfling Fighter)       Turns: 23382, Time: 00:56:34

Health: -18/168    AC: 28    Str: 23    XL:     16   Next: 8%
Magic:  16/16      EV:  3    Int:  8    God:    Gozag
Gold:   266        SH: 17    Dex: 17    Spells: 15/15 levels left

rFire    + . .     SeeInvis .   O - +10 long sword of Ipsiriy {freeze, rF+}
rCold    . . .     Gourm    .   c - +0 shield
rNeg     + + +     Faith    .   (armour currently unavailable)
rPois    +         Spirit   .   (helmet currently unavailable)
rElec    .         Reflect  +   (cloak currently unavailable)
rCorr    +         Harm     .   (gloves currently unavailable)
MR       +....     NoTele   +   (boots currently unavailable)
Stlth    +++.......             h - +3 amulet of reflection
Regen    0.4/turn               A - ring "Nont" {rPois Int+2 Stlth+}
MPRegen  0.2/turn               M - ring of resist corrosion

@: tree-form, very slightly contaminated, hasted, very quick
A: mutation resistance 1, strong 1
a: Potion Petition, Call Merchant, Bribe Branch, Renounce Religion


You were on level 2 of the Orcish Mines.
You worshipped Gozag.
Gozag was aware of your devotion.
You were hungry.
You were a tree.
You visited 3 branches of the dungeon, and saw 18 of its levels.
You also visited: Volcano.

You collected 7447 gold pieces.
You spent 4079 gold pieces at shops.
You paid 3102 gold pieces to Gozag.

Inventory:

Hand Weapons
 o - the +5 short sword of Poetsafe {elec, rC+}
   (You bought it in a shop on level 6 of the Dungeon)

   Occasionally, upon striking a foe, it will discharge some electrical energy
   and cause terrible harm.
   It protects you from cold.
 y - the +7 hand crossbow "Qemuir" {elec, Str+2}
   (You bought it in a shop on level 2 of the Orcish Mines)

   It charges the ammunition it shoots with electricity; occasionally upon a
   hit, such missiles may discharge and cause terrible harm.
   It affects your strength (+2).
 O - the +10 long sword of Ipsiriy (weapon) {freeze, rF+}
   (You found it on level 6 of the Lair of Beasts)

   It has been specially enchanted to freeze those struck by it, causing extra
   injury to most foes and up to half again as much damage against particularly
   susceptible opponents.
   It can also slow down cold-blooded creatures.
   It protects you from fire.
 Q - a +0 long sword of holy wrath
Missiles
 G - 79 bolts
Armour
 b - the +2 cloak of Rohi (melded) {rPois rF+ rC+ Dex+3}
   (You bought it in a shop on level 1 of the Lair of Beasts)

   It affects your dexterity (+3).
   It protects you from fire.
   It protects you from cold.
   It protects you from poison.
 c - a +0 shield (worn)
 l - a +2 helmet (melded)
 q - the +5 ring mail "Ziylopov" (melded) {*Contam rN+ Str+4}
   (You bought it in a shop on level 1 of the Lair of Beasts)

   It affects your strength (+4).
   It protects you from negative energy.
   It causes magical contamination when unequipped.
 r - the +1 cloak "Gocetaig" {rF+ rN++}
   (You acquired it on level 9 of the Dungeon)

   It protects you from fire.
   It greatly protects you from negative energy.
 H - a +2 pair of gloves of strength (melded)
 R - the +1 pair of boots of Okawaru's Esteem (melded) {rC+ rN+ Str-4 SInv}
   (You acquired it on level 6 of the Lair of Beasts)

   It affects your strength (-4).
   It protects you from cold.
   It protects you from negative energy.
   It lets you see invisible.
Jewellery
 h - a +3 amulet of reflection (around neck)
 A - the ring "Nont" (left branch) {rPois Int+2 Stlth+}
   (You bought it in a shop on level 8 of the Dungeon)

   [ring of poison resistance]

   It affects your intelligence (+2).
   It protects you from poison.
   It makes you more stealthy.
 M - a ring of resist corrosion (right branch)
Wands
 j - a wand of digging (5/24)
 F - a wand of flame (19/48)
 J - a wand of polymorph (15/24)
 T - a wand of confusion (24/48)
 V - a wand of lightning (7/15)
Scrolls
 a - a scroll of immolation
 g - 8 scrolls of remove curse
 n - 2 scrolls of enchant weapon
 s - 6 scrolls of teleportation
 t - 3 scrolls of fear
 w - a scroll of blinking
 B - 4 scrolls of recharging
 C - a scroll of magic mapping
 K - 3 scrolls of amnesia
Potions
 d - a potion of haste
 i - 5 potions of mutation
 m - 7 potions of curing
 u - a potion of heal wounds
 v - 5 potions of lignification
 x - a potion of magic
 E - a potion of resistance
 N - 4 potions of flight
Books
 D - a book of Callings

   Spells                             Type                      Level
   a - Summon Small Mammal            Summoning                    1
   b - Call Imp                       Summoning                    2
   c - Call Canine Familiar           Summoning                    3
   d - Summon Guardian Golem          Hexes/Summoning              3
   e - Summon Lightning Spire         Summoning/Air                4
   f - Summon Ice Beast               Ice/Summoning                4
 L - a book of Frost

   Spells                             Type                      Level
   a - Freeze                         Ice                          1
   b - Throw Frost                    Conjuration/Ice              2
   c - Ozocubu's Armour               Charms/Ice                   3
   d - Throw Icicle                   Conjuration/Ice              4
   e - Summon Ice Beast               Ice/Summoning                4
Comestibles
 f - 5 bread rations
 k - 38 fruits
 p - 4 royal jellies
 z - 7 meat rations


   Skills:
 + Level 11.3 Fighting
 - Level 5.0(10.3) Short Blades
 + Level 11.7(11.9) Long Blades
 * Level 2.1 Crossbows
 + Level 13.7 Armour
 + Level 13.3 Dodging
 + Level 13.4 Shields


You had 15 spell levels left.
You didn't know any spells.

Dungeon Overview and Level Annotations

Branches:
Dungeon (10/15)            Temple (0/1) D:5            Lair (6/6) D:10
  Swamp (0/4) Lair:4       Spider (0/4) Lair:4        Slime (0/5) Lair:6
    Orc (2/2) D:10            Elf (0/3) Orc:2

Altars:
Cheibriados
Dithmenos
Gozag
Hepliaklqana
Trog
Wu Jian
Jiyva

Shops:
D:6 (   D:8 *   D:9 ?   Orc:1 [   Orc:2 *=*?*   Lair:1 ([

Annotations:
Orc:2 Saint Roka


Innate Abilities, Weirdness & Mutations

You are small and have problems with some larger weapons.
You are somewhat resistant to further mutation.
Your muscles are strong. (Str +2)


Message History

Helpless, you fail to dodge the iron shot.
You block the warg's attack.
You slash Saint Roka!
Saint Roka is moderately wounded.
You are feeling hungry.
You hit Saint Roka.
Saint Roka is heavily wounded.
The warg bites you but does no damage.
Saint Roka gestures at you while chanting.
The iron shot hits you!
* * * LOW HITPOINT WARNING * * *
You slash Saint Roka! You freeze Saint Roka.
Saint Roka is heavily wounded.
The warg bites you but does no damage.
You slash Saint Roka! You freeze Saint Roka.
Saint Roka is heavily wounded.
Saint Roka casts a spell at you. The iron shot hits you!
You die...
Your body crumbles into a pile of gold.

#....................#....####.
###.##.................#...##.##
##..#.........#........#........#
#...........................##...
.#.........#......#..............
..#.........>....)...............
....................[[...........
.................h...............
..........#.....♣.........o.....#
.............<)..C..............#
.......∩.........................
.............................##..
..............................#..
.....................).........#.
...........(..................#..
..............[..................
.............(<)..............#..


You could see Saint Roka the iron giant and a warg.

Vanquished Creatures
  A stone giant (Orc:1)
  An orc warlord (Orc:2)
  A fire dragon (Lair:6)
  4 ogre magi (Orc:2)
  Fannar (Lair:1)
  7 hydras
  Harold (Lair:3)
  15 two-headed ogres
  A fire crab (Lair:6)
  Nergalle (Orc:1)
  A swamp dragon (Lair:6)
  An orc knight (Orc:1)
  A wolf spider (Lair:6)
  2 orc sorcerers (Orc:1)
  3 oklob plants (Lair:4)
  A faun (Lair:1)
  18 elephants
  12 black mambas
  A guardian serpent (Lair:6)
  13 spiny frogs
  2 gargoyles (Volcano)
  A molten gargoyle (Volcano)
  7 rime drakes
  9 komodo dragons
  4 trolls (Orc:1)
  2 hornets (Lair:6)
  A polar bear (Lair:4)
  10 hippogriffs
  6 blink frogs
  2 dream sheep (D:8)
  6 redbacks
  15 wyverns
  Sigmund (D:5)
  43 yaks
  A fire elemental (Volcano)
  A hungry ghost (D:7)
  2 basilisks (Lair:4)
  2 steam dragons
  4 swamp worms (Lair:4)
  5 wargs
  An acid dragon (Lair:6)
  2 hell hounds (D:10)
  17 water moccasins
  23 orc warriors
  6 porcupines
  4 sky beasts
  A swamp drake (Lair:6)
  A black bear (D:7)
  2 phantoms
  33 ogres
  A centaur (D:5)
  40 wolves
  10 crocodiles
  Blork the orc (D:5)
  5 big kobolds
  15 bullfrogs
  2 scorpions
  16 wights
  8 killer bees (D:10)
  11 howler monkeys
  An electric eel (Lair:4)
  4 crimson imps
  2 bullfrog zombies
  A quasit (D:7)
  7 jellies
  6 hounds
  12 orc priests
  3 iguanas
  20 orc wizards
  6 worker ants
  5 hell rats (Lair:6)
  A killer bee zombie (D:7)
  3 hound zombies
  A hound skeleton (D:10)
  4 gnolls
  15 adders
  2 oozes (D:1)
  An adder zombie (D:1)
  An adder skeleton (D:7)
  2 worms
  A dart slug (D:2)
  4 leopard geckos
  56 orcs
  A ball python (D:7)
  4 bats
  A bat zombie (D:1)
  7 giant cockroaches
  A goblin (D:3)
  3 hobgoblins
  17 jackals
  17 kobolds
  3 quokkas
  2 frilled lizards (D:5)
  3 leopard gecko skeletons (D:6)
  5 rats
  2 fungi (Lair:6)
633 creatures vanquished.

Vanquished Creatures (others)
  A centaur (D:8)
  2 orcs
  11 fungi
  8 plants
22 creatures vanquished.

Grand Total: 655 creatures vanquished

Notes
Turn   | Place    | Note
-------+----------+-------------------------------------------
     0 | D:1      | FrozenPanda the Halfling Fighter began the quest for the Orb.
     0 | D:1      | Reached XP level 1. HP: 15/15 MP: 1/1
    66 | D:1      | Reached XP level 2. HP: 20/20 MP: 2/2
   184 | D:1      | Reached XP level 3. HP: 19/25 MP: 3/3
   298 | D:1      | Reached skill level 1 in Dodging
   728 | D:2      | Reached XP level 4. HP: 31/31 MP: 4/4
   849 | D:2      | Found a hazy altar of Hepliaklqana.
   904 | D:2      | Found a faded altar of an unknown god.
  1300 | D:2      | Reached XP level 5. HP: 35/36 MP: 5/5
  1683 | D:3      | Found an opulent altar of Gozag.
  1893 | D:3      | Became a worshipper of Gozag Ym Sagoz the Greedy
  1941 | D:3      | Found a bloodstained altar of Trog.
  1951 | D:3      | Reached XP level 6. HP: 23/42 MP: 6/6
  2673 | D:4      | Noticed a phantom
  2717 | D:4      | Killed a phantom
  2795 | D:4      | Noticed an ogre
  2813 | D:4      | Killed an ogre
  2813 | D:4      | Reached XP level 7. HP: 47/47 MP: 7/7
  3289 | D:5      | Entered Level 5 of the Dungeon
  3306 | D:5      | Noticed Blork the orc
  3313 | D:5      | Killed Blork the orc
  3313 | D:5      | Reached skill level 5 in Shields
  3321 | D:5      | Reached skill level 5 in Armour
  3381 | D:5      | Reached XP level 8. HP: 32/54 MP: 8/8
  4508 | D:5      | Noticed Sigmund
  4518 | D:5      | Killed Sigmund
  4703 | D:5      | Reached skill level 5 in Dodging
  4912 | D:5      | Found a snail-covered altar of Cheibriados.
  4942 | D:5      | Reached XP level 9. HP: 44/60 MP: 9/9
  4957 | D:5      | Found a staircase to the Ecumenical Temple.
  4974 | D:5      | Reached skill level 5 in Long Blades
  5159 | D:5      | Reached skill level 5 in Fighting
  6065 | D:6      | Found an ornate altar of the Wu Jian Council.
  6187 | D:6      | Found Zat Uffoguith's Antique Weapon Emporium.
  6210 | D:6      | Bought a brightly glowing short sword for 176 gold pieces
  6210 | D:6      | Bought a pitted flail for 187 gold pieces
  6210 | D:6      | Identified the +5 short sword of Poetsafe {elec, rC+} (You bought it in a shop on level 6 of the Dungeon)
  6211 | D:6      | Identified the +5 flail of Demonkind {antimagic, rPois MP-9 Int+3} (You bought it in a shop on level 6 of the Dungeon)
  6278 | D:6      | Reached skill level 1 in Short Blades
  6941 | D:7      | Gained mutation: Your muscles are strong. (Str +2) [potion of mutation]
  7255 | D:7      | Reached XP level 10. HP: 68/68 MP: 10/10
  7555 | D:7      | Found a shadowy altar of Dithmenos.
  8633 | D:8      | Noticed a three-headed hydra
  8647 | D:8      | Killed a three-headed hydra
  8647 | D:8      | Reached skill level 5 in Short Blades
  8888 | D:8      | Bought a scintillating brass ring for 160 gold pieces
  8888 | D:8      | Bought a scroll labeled XAALI BIUNAROP for 32 gold pieces
  8888 | D:8      | Bought a scroll labeled CAMOKA ASELUX for 32 gold pieces
  8888 | D:8      | Bought a green potion for 28 gold pieces
  8893 | D:8      | Identified the ring "Nont" {rPois Int+2 Stlth+} (You bought it in a shop on level 8 of the Dungeon)
  8934 | D:8      | Bought a glowing falchion for 192 gold pieces
  8988 | D:8      | Noticed a two-headed ogre
  9003 | D:8      | Killed a two-headed ogre
  9003 | D:8      | Reached XP level 11. HP: 31/74 MP: 11/11
  9174 | D:9      | Noticed a two-headed ogre
  9188 | D:9      | Killed a two-headed ogre
  9448 | D:9      | Found Tanail's Magic Scroll Emporium.
  9662 | D:10     | Entered Level 10 of the Dungeon
  9956 | D:10     | Found a staircase to the Lair.
 11284 | D:10     | Found a staircase to the Orcish Mines.
 11509 | D:9      | Bought a scroll of acquirement for 728 gold pieces
 11511 | D:9      | Got an encrusted cloak
 11517 | D:9      | Identified the +1 cloak "Gocetaig" {rF+ rN++} (You acquired it on level 9 of the Dungeon)
 11606 | Lair:1   | Entered Level 1 of the Lair of Beasts
 11606 | Lair:1   | Noticed Fannar
 11710 | D:10     | Reached XP level 12. HP: 64/82 MP: 12/12
 11843 | Lair:1   | Killed Fannar
 11883 | Lair:1   | Noticed a seven-headed hydra
 11895 | Lair:1   | Killed a seven-headed hydra
 11918 | Lair:1   | Reached skill level 10 in Armour
 11967 | Lair:1   | Reached skill level 10 in Shields
 12828 | Lair:2   | Noticed an eight-headed hydra
 12864 | Lair:2   | Killed an eight-headed hydra
 12864 | Lair:2   | Reached skill level 10 in Dodging
 12885 | Lair:2   | Reached XP level 13. HP: 58/89 MP: 13/13
 13029 | Lair:2   | Noticed a five-headed hydra
 13039 | Lair:2   | Killed a five-headed hydra
 13526 | Lair:2   | Noticed a five-headed hydra
 13542 | Lair:2   | Killed a five-headed hydra
 14106 | Lair:3   | Noticed Harold
 14170 | Lair:3   | Killed Harold
 15068 | Lair:4   | Noticed a seven-headed hydra
 15082 | Lair:4   | Killed a seven-headed hydra
 15327 | Lair:4   | Reached XP level 14. HP: 73/98 MP: 14/14
 15424 | Lair:4   | Found a hole to the Spider Nest.
 15774 | Lair:4   | Found a staircase to the Swamp.
 16689 | Lair:4   | Reached skill level 10 in Long Blades
 16700 | Lair:4   | Reached skill level 10 in Fighting
 18111 | Lair:6   | Entered Level 6 of the Lair of Beasts
 18315 | Lair:6   | Found a dark tunnel.
 18342 | Volcano  | Entered a volcano
 19141 | Lair:6   | Found a viscous altar of Jiyva.
 19141 | Lair:6   | Found a staircase to the Slime Pits.
 19436 | Lair:6   | Got a pair of warped boots
 19442 | Lair:6   | Identified the +1 pair of boots of Okawaru's Esteem {rC+ rN+ Str-4 SInv} (You acquired it on level 6 of the Lair of Beasts)
 19531 | Lair:6   | Reached XP level 15. HP: 105/105 MP: 15/15
 20141 | Lair:6   | Got a pitted long sword
 20152 | Lair:6   | Identified the +10 long sword of Ipsiriy {freeze, rF+} (You found it on level 6 of the Lair of Beasts)
 20718 | Lair:1   | Bought an ancient hat for 306 gold pieces
 20729 | Lair:1   | Identified the cursed -5 hat of the Shining Light {rN+ SInv} (You bought it in a shop on level 1 of the Lair of Beasts)
 20737 | Lair:1   | Bought a fine scale mail for 306 gold pieces
 20749 | Lair:1   | Identified the cursed +1 scale mail of Nanemo {MR+ SInv} (You bought it in a shop on level 1 of the Lair of Beasts)
 20789 | Lair:1   | Bought a translucent scale mail for 306 gold pieces
 20800 | Lair:1   | Identified the cursed +0 scale mail "Kyttuk Xuonk" {*Corrode rPois rF+ Int+4} (You bought it in a shop on level 1 of the Lair of Beasts)
 20813 | Lair:1   | Bought a bloodstained cloak for 323 gold pieces
 20825 | Lair:1   | Identified the +2 cloak of Rohi {rPois rF+ rC+ Dex+3} (You bought it in a shop on level 1 of the Lair of Beasts)
 20839 | Lair:1   | Bought a smoking ring mail for 306 gold pieces
 20839 | Lair:1   | Bought a pair of runed gloves for 255 gold pieces
 20851 | Lair:1   | Identified the +5 ring mail "Ziylopov" {*Contam rN+ Str+4} (You bought it in a shop on level 1 of the Lair of Beasts)
 20967 | Orc:1    | Entered Level 1 of the Orcish Mines
 21005 | Orc:1    | Found Fusuucin's Armour Shoppe.
 21288 | Orc:2    | Entered Level 2 of the Orcish Mines
 21288 | Orc:2    | Found Yqups's General Store.
 21370 | Orc:2    | Found a staircase to the Elven Halls.
 21630 | Orc:2    | Found Toxuzyke's Jewellery Boutique.
 21630 | Orc:2    | Found Yckonoc's Assorted Antiques.
 21631 | Orc:2    | Found Qetityaq's Magic Scroll Emporium.
 21631 | Orc:2    | Found Picoihiv's General Store.
 21638 | Orc:2    | Bought a cursed ring of teleportation for 49 gold pieces
 21638 | Orc:2    | Bought a cursed ring of loudness for 49 gold pieces
 21642 | Orc:2    | Bought a scroll of identify for 24 gold pieces
 21642 | Orc:2    | Bought a scroll of identify for 24 gold pieces
 21648 | Orc:2    | Bought a scroll of immolation for 49 gold pieces
 21648 | Orc:2    | Bought a royal jelly for 28 gold pieces
 21648 | Orc:2    | Bought a potion of haste for 140 gold pieces
 21649 | Orc:2    | Bought an ancient hand crossbow for 280 gold pieces
 21649 | Orc:2    | Bought a scroll of teleportation for 99 gold pieces
 21650 | Orc:2    | Identified the +7 hand crossbow "Qemuir" {elec, Str+2} (You bought it in a shop on level 2 of the Orcish Mines)
 21696 | Orc:2    | Noticed Saint Roka
 21733 | Orc:1    | Noticed Nergalle
 21733 | Orc:1    | Noticed a stone giant
 21754 | Orc:1    | Killed a stone giant
 21764 | Orc:1    | Killed Nergalle
 21764 | Orc:1    | Reached skill level 1 in Crossbows
 22869 | Orc:2    | Noticed an orc warlord
 22899 | Orc:2    | Reached XP level 16. HP: 107/112 MP: 16/16
 23362 | Orc:2    | Noticed Saint Roka
 23362 | Orc:2    | Saint Roka changed into Saint Roka the iron giant
 23382 | Orc:2    | Killed from afar by Saint Roka the iron giant

Vault maps used:
D:1:      saegor_arrival_fortress
D:2:      marbit_many_paths, chequers_ecumenical_altar_island
D:3:      bloody_trog, overflow_temple_1_default
D:4:      first_bread, lightli_corner_chamber
D:5:      kennysheep_mini_moat, minmay_temple_entry_fiery,
          kennysheep_generic_room_10, uniq_blork_the_orc, uniq_sigmund
D:6:      old_standard_altar, serial_shops, shop_coins, hangedman_decor_lopped
D:7:      nicolae_dithmenos_through_a_glass_darkly, hex_tiny
D:8:      hangedman_ranch
D:9:      serial_shops, shop_scrolls
D:10:     minmay_lair_entry_lava, david_orc_4, evilmike_butchery
Lair:1:   grunt_forest_large_clearings, uniq_fannar
Lair:2:   minivault_25, nicolae_quartered_pool_little, bh_chokoban,
          minivault_26, infiniplex_staircase_pool_2, lemuel_fruit_fields
Lair:3:   uniq_harold
Lair:4:   nicolae_swamp_entry_splash_gauntlet, spider_nest_entry_webs,
          grunt_megastairs_2, minmay_lair_oklob_chamber, serial_bayou_shore_b
Lair:5:   grunt_megastairs_4
Lair:6:   guppyfry_lair_end_dragon, hangedman_lair_tendril_chambers,
          dpeg_slime_entry_enclosed_altar, nicolae_volcano_entry_two_sided,
          serial_bayou_shore_b
Orc:1:    serial_shops, shop, uniq_nergalle
Orc:2:    st_orc_ogre_mass, serial_shops, shop, uniq_saint_roka
Volcano:  volcano_overflow

Skill      XL: |  1  2  3  4  5  6  7  8  9 10 11 12 13 14 15 16 |
---------------+-------------------------------------------------+-----
Dodging        | 1 2 3 4 5 6 7 9 10 11 12 13 | 13.3
Fighting       | 3 4 5 6 7 8 9 10 11 | 11.3
Armour         | 4 5 7 8 9 10 11 12 13 | 13.7
Shields        | 4 5 6 7 8 9 10 11 12 13 | 13.4
Long Blades    | 3 4 5 7 8 9 10 11 | 11.7
Short Blades   | 2 5 |  5.0
Crossbows      | 1 2 |  2.1

Action                   |  1- 3 |  4- 6 |  7- 9 | 10-12 | 13-15 | 16-18 || total
-------------------------+-------+-------+-------+-------+-------+-------++-------
Melee: Long sword        |    82 |   196 |   300 |       |   366 |    79 ||  1023
       Short sword       |       |       |   108 |   223 |    82 |       ||   413
       Falchion          |       |       |       |   507 |   915 |       ||  1422
Invok: Potion Petition   |       |     1 |       |       |     1 |     1 ||     3
       Call Merchant     |       |       |       |     1 |     2 |       ||     3
Evoke: Wand              |       |       |       |     4 |    37 |     1 ||    42
  Use: Potion            |       |     3 |     9 |     3 |    10 |     2 ||    27
       Scroll            |       |     2 |    12 |    13 |    15 |     1 ||    43
 Stab: Invisible         |       |       |     4 |     3 |    16 |       ||    23
       Distracted        |       |       |     1 |     8 |    16 |     1 ||    26
  Eat: Meat ration       |       |     1 |     3 |     2 |     4 |       ||    10
       Fruit             |       |     2 |       |     2 |     5 |       ||     9
       Royal jelly       |       |       |       |     4 |     6 |       ||    10
Armor: Scale mail        |    39 |    76 |    73 |       |       |       ||   188
       Skin              |       |       |     1 |       |       |     4 ||     5
       Chain mail        |       |       |    11 |   119 |       |       ||   130
       Plate armour      |       |       |       |   124 |   315 |       ||   439
       Ring mail         |       |       |       |       |    36 |     1 ||    37
Dodge: Dodged            |    36 |   107 |   107 |   246 |   649 |    17 ||  1162
Block: Shield            |    62 |   180 |   272 |   534 |  1079 |    33 ||  2160
       Reflection        |       |       |     3 |     5 |    12 |     1 ||    21
       Rpst.: Long sword |    14 |    39 |    20 |       |    34 |     6 ||   113
       Falchion          |       |       |       |    34 |   114 |       ||   148
